 Dungeon Crawl Stone Soup version 0.29-a0-231-g945431f764 (webtiles) character file.

Game seed: 16710880016718610004

37 Niddhogr the Conjurer (level 3, 0/24 HPs)
             Began as a Demonspawn Conjurer on Mar 1, 2022.
             Slain by a jackal (3 damage)
             ... on level 2 of the Dungeon.
             The game lasted 00:03:53 (1538 turns).

Niddhogr the Conjurer (Demonspawn Conjurer)         Turns: 1538, Time: 00:03:54

Health: 0/24       AC:  2    Str:  9    XL:     3   Next: 21%
Magic:  6/6        EV: 12    Int: 19    God:
Gold:   130        SH:  0    Dex: 13    Spells: 3/6 levels left

rFire   . . .      SeeInvis .   c - +0 dagger (freeze)
rCold   . . .      Faith    .   (no shield)
rNeg    . . .      Spirit   .   a - +0 robe
rPois   .          Reflect  .   (helmet restricted)
rElec   .          Harm     .   (no cloak)
rCorr   .          Rampage  .   (no gloves)
Will    .....                   (no boots)
Stlth   +++.......              (no amulet)
HPRegen 0.08/turn               (no ring)
MPRegen 0.10/turn               (no ring)

@: no status effects
A: antennae 1, thin skeletal structure 1
a: no special abilities


You were on level 2 of the Dungeon.
You visited 1 branch of the dungeon, and saw 2 of its levels.

You collected 130 gold pieces.


Innate Abilities, Weirdness & Mutations

You have a pair of small antennae on your head.
You have a somewhat thin skeletal structure. (Dex +2, Stealth+)


   Skills:
 - Level 1.7 Dodging
 - Level 1.7 Stealth
 - Level 2.0 Spellcasting
 + Level 5.1 Conjurations


You had 3 spell levels left.
You knew the following spells:

 Your Spells              Type           Power      Damage    Failure   Level
m - Magic Dart            Conj           84%        1d7       1%          1
s - Searing Ray           Conj           42%        2d6       3%          2

Your spell library contained the following spells:

 Spells                   Type           Power      Damage    Failure   Level
 Dazzling Flash           Conj/Hex       22%        N/A       19%         3
 Fulminant Prism          Conj/Hex       5%         3d7       52%         4
 Iskenderun's Mystic Bla  Conj/Tloc      11%        2d4       52%         4

Inventory:

Hand Weapons
 c - a +0 dagger of freezing (weapon)
   (You took it off a kobold on level 1 of the Dungeon)
Missiles
 k - 2 poisoned darts
Armour
 a - a +0 robe (worn)
 d - a +0 robe
   (You found it on level 1 of the Dungeon)
 h - a +0 robe
   (You found it on level 1 of the Dungeon)
Scrolls
 e - 2 scrolls of identify {unknown}
 f - 3 scrolls of teleportation {unknown}
 j - a scroll of noise {unknown}
Potions
 b - a potion of curing {unknown}
 g - a potion of cancellation {unknown}
 i - 2 potions of magic {unknown}

Dungeon Overview and Level Annotations

Branches:
Dungeon (2/15)

Altars:

###.#.# ### #.#.#
..# #.#.# #.# #.#.#
#.# ### #.#.# #h.
... #l#.# #h#
#.#.######.#.. #h#
#.#...........
#.#@###.# ###...?...
#..hlr..#####.......
#######.#...........
#.......>..(..
##.........(..
#>.....#...##
#......#.....
#......##...!
#......# [...


You could see 4 jackals, a frilled lizard and a rat.


Message History

You open the door.
There is an open door here.
You now have 130 gold pieces (gained 11).
Key pressed, stopping explore.
There is an open door here.
There is an open door here.
You see here a ball python corpse.
There is an open door here.
You see here a frilled lizard corpse.
There is an open door here.
There is an open door here.
You see here a rat skeleton.
There is an open door here.
There is an open door here.
You open the door.
There is an open door here.
You sense a monster nearby. 😎 MP[+4]
Your mp is fully restored (6).
Found a stone staircase leading down. 2 frilled lizards come into view.
You see here a scroll labelled LIFAIRGH BELAA.
A rat comes into view.
Found a metallic grey potion and a chain mail.
Found a stone staircase leading down.
The frilled lizard hisses angrily.
The frilled lizard misses you. The rat completely misses you.
A jackal comes into view.
The jackal barks! 3 jackals come into view.
The jackal bites you. x2; The jackal moves out of view. 😕 HP[-3]
You take 3 damage, and now have 21/24 hp.
The jackal completely misses you.
The jackal barks!
The jackal bites you. The jackal completely misses you.
The frilled lizard bites you. 😮 HP[-3]
You take 3 damage, and now have 18/24 hp.
The jackal barely misses you. The jackal completely misses you.
The frilled lizard bites you. The jackal closely misses you.
The jackal bites you. 😮 HP[-2]
You take 2 damage, and now have 16/24 hp.
The jackal bites you but does no damage.
The frilled lizard bites you.
The jackal bites you but does no damage. 😮 HP[-1]
You take 1 damage, and now have 15/24 hp.
The jackal barely misses you. x2; The frilled lizard bites you.
The jackal barely misses you. 😮 HP[-2]
You take 2 damage, and now have 13/24 hp.
The jackal barely misses you. The frilled lizard misses you.
The jackal completely misses you. The jackal misses you.
The jackal misses you. x2; The frilled lizard bites you.
* * * LOW HITPOINT WARNING * * *
The jackal barely misses you. The jackal misses you.
The frilled lizard barely misses you.
The jackal bites you but does no damage. x2 😨 HP[-3]
You take 3 damage, and now have 10/24 hp.
The jackal bites you.
* * * LOW HITPOINT WARNING * * *
The frilled lizard misses you. The jackal closely misses you.
The jackal bites you but does no damage.
The jackal completely misses you. The frilled lizard misses you.
The jackal misses you. 😨 HP[-1]
You take 1 damage, and now have 9/24 hp.
The jackal bites you but does no damage.
The frilled lizard barely misses you. The jackal barely misses you.
The jackal misses you.
The jackal barely misses you. x2; The frilled lizard closely misses you. 😨 HP[+1]
The jackal misses you. x2; The frilled lizard misses you.
The jackal misses you. The jackal barely misses you.
The jackal completely misses you.
The frilled lizard bites you but does no damage.
The jackal closely misses you. The jackal closely misses you.
The jackal barely misses you. The frilled lizard bites you.
* * * LOW HITPOINT WARNING * * *
The jackal barely misses you. The jackal closely misses you.
The frilled lizard misses you. The jackal bites you.
* * * LOW HITPOINT WARNING * * *
The jackal closely misses you. The jackal misses you. The jackal bites you.
* * * LOW HITPOINT WARNING * * *
The frilled lizard misses you. The jackal misses you.
The jackal barely misses you.
The frilled lizard bites you but does no damage.
The jackal closely misses you.
The jackal bites you but does no damage.
The jackal bites you.
* * * LOW HITPOINT WARNING * * *
The frilled lizard barely misses you. The jackal bites you.
You die...

Skill      XL: |  1  2 |
---------------+-------+-----
Conjurations   | 5 |  5.1
Dodging        | |  1.7
Stealth        | |  1.7
Spellcasting   | |  2.0

Action                   || total
-------------------------++-------
Melee: Dagger            ||    17
       Short sword       ||     4
       Punch             ||     1
 Cast: Magic Dart        ||    30
       Searing Ray       ||     1
 Stab: Sleeping          ||     2
Armor: Robe              ||    11
Dodge: Dodged            ||    55

Levels and vault maps discovered:
D:1:      dpeg_arrival_three_same_balls, layout_basic,
          hellmonk_ecumenical_altar_arch_garden, minmay_domino_4
D:2:      minmay_chambers_of_ones, layout_basic, grunt_decor_one_mirror,
          minmay_misc_feat_encased

Notes
Turn   | Place    | Note
-------+----------+-------------------------------------------
     0 | D:1      | Niddhogr the Demonspawn Conjurer began the quest for the
                  | Orb.
     0 | D:1      | Reached XP level 1. HP: 13/13 MP: 3/3
     0 | D:1      | magus.rc [v1.11.3]
    60 | D:1      | Found a faded altar of an unknown god.
   430 | D:1      | Gained mutation: You have a pair of small antennae on your
                  | head. [demonic ancestry]
   430 | D:1      | Reached XP level 2. HP: 19/19 MP: 1/5
   743 | D:1      | Learned a level 2 spell: Searing Ray
  1384 | D:2      | Reached skill level 5 in Conjurations
  1401 | D:2      | Gained mutation: You have a somewhat thin skeletal
                  | structure. (Dex +2, Stealth+) [demonic ancestry]
  1401 | D:2      | Reached XP level 3. HP: 24/24 MP: 2/6
  1536 | D:2      | HP: 6/24 [jackal (1)]
  1538 | D:2      | Slain by a jackal

Vanquished Creatures
  An adder (D:2)
  A worm (D:2)
  A dart slug (D:1)
  2 ball pythons
  A bat (D:1)
  3 giant cockroaches
  2 goblins (D:1)
  2 jackals (D:1)
  3 kobolds (D:1)
  3 frilled lizards
  3 rats
22 creatures vanquished.

Table legend:
 A = Non-vault XP
 B = Vault XP
 C = Vault XP percentage of total XP
 D = Non-vault monster count
 E = Vault monster count
 F = Vault count percentage of total count
                 A         B        C        D         E       F
            +---------+---------+-------+---------+---------+-------
      Total |      32 |      21 |  39.6 |      15 |       7 |  31.8
            +---------+---------+-------+---------+---------+-------
        D:1 |      25 |       4 |  13.8 |      13 |       2 |  13.3
        D:2 |       7 |      17 |  70.8 |       2 |       5 |  71.4
            +---------+---------+-------+---------+---------+-------

Illustrated notes

Table legend:
 A = Kills in this place as a percentage of kills in entire the game.
 B = Kills by you in this place as a percentage of kills by you in the entire game.
 C = Kills by friends in this place as a percentage of kills by friends in the entire game.
 D = Other kills in this place as a percentage of other kills in the entire game.
 E = Experience gained in this place as a percentage of experience gained in the entire game.
 F = Experience gained in this place divided by the number of levels of this place that you have seen.
                   A       B       C       D       E      F
               +-------+-------+-------+-------+-------+----------------------
         Total | 100.0 | 100.0 |   N/A |   N/A | 100.0 |  26.5
       Dungeon | 100.0 | 100.0 |   N/A |   N/A | 100.0 |  26.5
               +-------+-------+-------+-------+-------+----------------------

Table legend: (Time is in decaauts)
 A = Elapsed time spent in this place.
 B = Non-inter-level travel time spent in this place.
 C = Inter-level travel time spent in this place.
 D = Time resting spent in this place.
 E = Time spent auto-exploring this place.
 F = Levels seen in this place.
 G = Mean time per level.
                   A        B        C        D        E       F      G
               +--------+--------+--------+--------+--------+-----+--------+
         Total |   1536 |   1464 |     72 |     33 |   1233 |   2 |  768.0 |
       Dungeon |   1536 |   1464 |     72 |     33 |   1233 |   2 |  768.0 |
               +--------+--------+--------+--------+--------+-----+--------+

Top non-repeatable levels by time:
     D:1: 1067 daAuts
     D:2: 468 daAuts
